 Dungeon Crawl Stone Soup version 0.23.2-33-g5129a83184 (webtiles) character file.

Game seed: 9076871432899333614

172 funkygono the Covered (level 5, -3/47 HPs)
             Began as a Minotaur Fighter on July 20, 2019.
             Killed by divine providence
             ... invoked by an orc priest
              (13 damage)
             ... on level 3 of the Dungeon.
             The game lasted 00:04:27 (1651 turns).

funkygono the Covered (Minotaur Fighter)            Turns: 1651, Time: 00:04:28

Health: -3/47      AC:  9    Str: 22    XL:     5   Next: 27%
Magic:  4/4        EV:  6    Int:  5    God:
Gold:   64         SH: 10    Dex:  9    Spells: 4/4 levels left

rFire    . . .     SeeInvis .   a - +0 flail
rCold    . . .     Gourm    .   c - +1 shield
rNeg     . . .     Faith    .   g - +0 chain mail (curse)
rPois    .         Spirit   .   (helmet restricted)
rElec    .         Reflect  .   (no cloak)
rCorr    .         Harm     .   (no gloves)
MR       .....                  (no boots)
Stlth    ..........             (no amulet)
HPRegen  0.15/turn              (no ring)
MPRegen  0.09/turn              (no ring)

@: flying
A: retaliatory headbutt, horns 2
a: no special abilities


You were on level 3 of the Dungeon.
You were hungry.

You visited 1 branch of the dungeon, and saw 3 of its levels.

You collected 64 gold pieces.

Inventory:

Hand Weapons
 a - a +0 flail (weapon)
 i - a +0 hunting sling
 l - a +0 hunting sling of flaming
Missiles
 d - 26 stones (quivered)
Armour
 c - a +1 shield (worn)
 g - a cursed +0 chain mail (worn)
Scrolls
 h - 2 scrolls of identify
 m - a scroll of teleportation
Potions
 e - 2 potions of flight
Comestibles
 f - 6 rations


   Skills:
 + Level 4.5 Fighting
 + Level 3.9 Maces & Flails
 + Level 4.8 Armour
 + Level 0.8 Dodging
 + Level 4.8 Shields


You had 4 spell levels left.
You didn't know any spells.
Your spell library was empty.

Dungeon Overview and Level Annotations

Branches:
Dungeon (3/15)

Altars:


Innate Abilities, Weirdness & Mutations

You reflexively headbutt those who attack you in melee.
You have a pair of horns on your head.


Message History

You thump the orc wizard!
The orc wizard is severely wounded.
You block the orc's attack. The orc hits you but does no damage.
The orc wizard gestures at you while chanting.
The magic dart hits you.
* * * LOW HITPOINT WARNING * * *
You sock the orc!
You kill the orc!
An orc comes into view. It is wielding a +0 hand axe.
The orc wizard hits you with a +0 dagger.
* * * LOW HITPOINT WARNING * * *
You feel very buoyant.
You fly up into the air.
The orc wizard hits you but does no damage.
The orc closely misses you. You block the orc's attack.
You hit the orc. You headbutt the orc.
You kill the orc!
The orc priest invokes the aid of Beogh against you.
Beogh smites you!
You die...

#......?#..#
####.#.###!#
.....#.#...#
#.....>...##
#.####.....##
.. ###....##.
#
###........#
#†o.##.#.###
#@##.....#
#o# (##..#


So# ## .... ..o. ..... ..... #.## ....### ..### ### You could see an orc priest,
an orc wizard, an adder and 2 orcs.

Vanquished Creatures
  An orc priest (D:3)
  Jessica (D:2)
  Terence (D:2)
  Robin (D:2)
  An adder (D:2)
  An ooze (D:2)
  A worm (D:2)
  A dart slug (D:2)
  A leopard gecko (D:1)
  2 orcs (D:3)
  A ball python (D:1)
  5 bats
  A giant cockroach (D:1)
  15 goblins
  11 hobgoblins
  5 kobolds
  4 frilled lizards
  5 rats
58 creatures vanquished.

Notes
Turn   | Place    | Note
-------+----------+-------------------------------------------
     0 | D:1      | funkygono the Minotaur Fighter began the quest for the Orb.
     0 | D:1      | Reached XP level 1. HP: 19/19 MP: 0/0
   261 | D:1      | Reached XP level 2. HP: 27/27 MP: 1/1
   740 | D:2      | Reached XP level 3. HP: 32/33 MP: 2/2
   802 | D:2      | Noticed Jessica
   812 | D:2      | Killed Jessica
   854 | D:2      | Reached XP level 4. HP: 31/40 MP: 3/3
   857 | D:2      | Identified the cursed +0 helmet of Qazlal's Delight {rElec
                  | rCorr Str+4 Stlth+}
   857 | D:2      | Noticed Robin
   868 | D:2      | Killed Robin
  1280 | D:2      | Noticed Terence
  1296 | D:2      | Killed Terence
  1631 | D:3      | Reached XP level 5. HP: 39/47 MP: 4/4
  1651 | D:3      | Killed from afar by an orc priest

Skill      XL: |  1  2  3 |
---------------+----------+-----
Fighting       | 4 |  4.5
Armour         | 4 |  4.8
Shields        | 4 |  4.8
Maces & Flails | 3 |  3.9
Dodging        | |  0.8

Action                   |  1- 3 |  4- 6 || total
-------------------------+-------+-------++-------
Melee: Flail             |    76 |    82 ||   158
       Headbutt          |    11 |    13 ||    24
  Use: Scroll            |     2 |     2 ||     4
       Potion            |       |     3 ||     3
  Eat: Chunk             |       |     2 ||     2
Armor: Chain mail        |    40 |    50 ||    90
       Scale mail        |     1 |       ||     1
Dodge: Dodged            |    22 |    25 ||    47
Block: Shield            |    42 |    63 ||   105
